PBL
PORTLAND ANGELS @ TIJUANA TOROS
07/15/2044
 
TOP OF THE 1ST
Portland Angels batting - Pitching for Tijuana Toros : RHP Andrew Telles
Pitching: RHP Andrew Telles
Batting: RHB Dan Burkhart 0-0: Swinging Strike
0-1: Ball
1-1: Ball
2-1: Ball
3-1: Base on Balls
Batting: LHB Dave Hicks 0-0: Ball
1-0: Called Strike
1-1: Foul Ball, location: 2F
1-2: Ball
2-2: Strikes out swinging
Batting: LHB Mario Anguiano 0-0: Ball
1-0: Swinging Strike
1-1: Ball
2-1: Ball
3-1: Called Strike
3-2: Base on Balls
Dan Burkhart to second
Batting: RHB Juan Rosa 0-0: Fly out, F5 (Popup, 5SF, EV 80.0 MPH)
Batting: LHB Spencer Palmer 0-0: Called Strike
0-1: Reached on error, E8 (Flyball, 8LM, EV 92.5 MPH)
Dan Burkhart scores
Mario Anguiano to third
Batting: LHB Griffin Ferris 0-0: Fly out, F8 (Line Drive, 8RM, EV 86.9 MPH)
Top of the 1st over - 1 run, 0 hits, 1 error, 2 left on base; Portland 1 - Tijuana 0
BOTTOM OF THE 1ST
Tijuana Toros batting - Pitching for Portland Angels : RHP Hector Carrizales
Pitching: RHP Hector Carrizales
Batting: RHB Theo Schepers 0-0: Ball
1-0: Fly out, F3 (Popup, 3, EV 61.3 MPH)
Batting: LHB Steve Pond 0-0: Swinging Strike
0-1: Foul Ball, location: 2F
0-2: Strikes out swinging
Batting: LHB Nate Kee 0-0: Ball
1-0: Fly out, F2 (Popup, 15S, EV 85.6 MPH)
Bottom of the 1st over - 0 runs, 0 hits, 0 errors, 0 left on base; Portland 1 - Tijuana 0
TOP OF THE 2ND
Portland Angels batting - Pitching for Tijuana Toros : RHP Andrew Telles
Batting: RHB Dean LeCroy 0-0: Fly out, F4 (Popup, 3D, EV 70.6 MPH)
Batting: LHB Mark Reeg 0-0: SINGLE (Groundball, 34D, EV 101.3 MPH)
Batting: SHB Danny Gelinas 0-0: Ball
1-0: Ball
Mark Reeg is caught stealing 2nd base 2-6
2-0: Called Strike
2-1: Fly out, F2 (Popup, 25F, EV 91.3 MPH)
Top of the 2nd over - 0 runs, 1 hit, 0 errors, 0 left on base; Portland 1 - Tijuana 0
BOTTOM OF THE 2ND
Tijuana Toros batting - Pitching for Portland Angels : RHP Hector Carrizales
Batting: RHB Joe Bower 0-0: Called Strike
0-1: Called Strike
0-2: Ball
1-2: Strikes out swinging
Batting: RHB Pat Adams 0-0: Ball
1-0: Fly out, F8 (Flyball, 78S, EV 93.8 MPH)
Batting: RHB David Watkins 0-0: Ball
1-0: Called Strike
1-1: Foul Ball, location: 2F
1-2: Ball
2-2: Strikes out swinging
Bottom of the 2nd over - 0 runs, 0 hits, 0 errors, 0 left on base; Portland 1 - Tijuana 0
TOP OF THE 3RD
Portland Angels batting - Pitching for Tijuana Toros : RHP Andrew Telles
Batting: RHB Dan Burkhart 0-0: Ball
1-0: Ground out 1-3 (Groundball, P, EV 69.4 MPH)
Batting: LHB Dave Hicks 0-0: Ball
1-0: Ball
2-0: Foul Ball, location: 2F
2-1: Ball
3-1: Base on Balls
Batting: LHB Mario Anguiano 0-0: Ball
1-0: Foul Ball, location: 2F
1-1: Ball
2-1: Foul Ball, location: 2F
2-2: DOUBLE (Line Drive, 89M, EV 91.3 MPH)
Dave Hicks to third
Runner from 3rd tries for Home, SAFE, throw by RF to trailing runner, SAFE at third!
Batting: RHB Juan Rosa 0-0: Called Strike
0-1: Ball
1-1: Swinging Strike
1-2: Ball
2-2: Foul Ball, location: 2F
2-2: Foul Ball, location: 2F
2-2: Ball
3-2: Ground out 4-3 (Groundball, 4MS, EV 81.3 MPH)
Mario Anguiano scores
Batting: LHB Spencer Palmer 0-0: Called Strike
0-1: Swinging Strike
0-2: Ball
1-2: Ball
2-2: Ground out 6-3 (Groundball, 6, EV 85.6 MPH)
Top of the 3rd over - 2 runs, 1 hit, 0 errors, 0 left on base; Portland 3 - Tijuana 0
BOTTOM OF THE 3RD
Tijuana Toros batting - Pitching for Portland Angels : RHP Hector Carrizales
Batting: RHB Justin Curran 0-0: Called Strike
0-1: Foul Ball, location: 2F
0-2: Strikes out swinging
Batting: SHB Shane Marcum 0-0: Ball
1-0: Called Strike
1-1: Ball
2-1: Ball
3-1: Foul Ball, location: 2F
3-2: Base on Balls
Batting: RHB Will Barksdale 0-0: Called Strike
0-1: Ball
1-1: Foul Ball, location: 2F
1-2: Fly out, F7 (Flyball, 78S, EV 90.0 MPH)
Batting: RHB Theo Schepers 0-0: Ball
1-0: Called Strike
1-1: Foul Ball, location: 2F
1-2: Fielders Choice at 2nd, 6-4 (Groundball, 56, EV 87.5 MPH)
Bottom of the 3rd over - 0 runs, 0 hits, 0 errors, 1 left on base; Portland 3 - Tijuana 0
TOP OF THE 4TH
Portland Angels batting - Pitching for Tijuana Toros : RHP Andrew Telles
Batting: LHB Griffin Ferris 0-0: Foul Ball, location: 2F
0-1: Foul Ball, location: 2F
0-2: Fly out, F9 (Flyball, 9LM, EV 78.1 MPH)
Batting: RHB Dean LeCroy 0-0: SINGLE (Line Drive, 8RS, EV 112.5 MPH)
Batting: LHB Mark Reeg 0-0: Foul Ball, location: 2F
0-1: Ball
1-1: Fly out, F4 (Line Drive, 4, EV 73.1 MPH)
Batting: SHB Danny Gelinas 0-0: Called Strike
0-1: Swinging Strike
0-2: Ball
1-2: Strikes out swinging
Top of the 4th over - 0 runs, 1 hit, 0 errors, 1 left on base; Portland 3 - Tijuana 0
BOTTOM OF THE 4TH
Tijuana Toros batting - Pitching for Portland Angels : RHP Hector Carrizales
Batting: LHB Steve Pond 0-0: SINGLE (Groundball, 6MD, EV 95.6 MPH)
Batting: LHB Nate Kee 0-0: Called Strike
0-1: Foul Ball, location: 2F
0-2: SINGLE (Groundball, 3S, EV 96.3 MPH)
Steve Pond to second
Batting: RHB Joe Bower 0-0: Foul Ball, location: 2F
0-1: Called Strike
0-2: Foul Ball, location: 2F
0-2: Foul Ball, location: 2F
0-2: Strikes out swinging
Batting: RHB Pat Adams 0-0: Ball
1-0: Called Strike
1-1: Foul Ball, location: 2F
1-2: Ball
2-2: Foul Ball, location: 2F
2-2: Strikes out swinging
Batting: RHB David Watkins 0-0: DOUBLE (Flyball, 89XD, EV 109.4 MPH)
Steve Pond scores
Nate Kee to third
Runner from 3rd tries for Home, SAFE, throw by CF to trailing runner, OUT at third! 8-3-5
Bottom of the 4th over - 2 runs, 3 hits, 0 errors, 0 left on base; Portland 3 - Tijuana 2
TOP OF THE 5TH
Portland Angels batting - Pitching for Tijuana Toros : RHP Andrew Telles
Batting: RHB Dan Burkhart 0-0: Foul Ball, location: 2F
0-1: Foul Ball, location: 2F
0-2: Ground out 6-3 (Groundball, 6, EV 106.3 MPH)
Batting: LHB Dave Hicks 0-0: Called Strike
0-1: Foul Ball, location: 2F
0-2: Ball
1-2: Ground out 4-3 (Groundball, 4, EV 85.6 MPH)
Batting: LHB Mario Anguiano 0-0: Called Strike
0-1: Called Strike
0-2: Ball
1-2: Ball
2-2: Foul Ball, location: 2F
2-2: Ball
3-2: Base on Balls
Batting: RHB Juan Rosa 0-0: Ground out 5-3 (Groundball, 5S, EV 83.1 MPH)
Top of the 5th over - 0 runs, 0 hits, 0 errors, 1 left on base; Portland 3 - Tijuana 2
BOTTOM OF THE 5TH
Tijuana Toros batting - Pitching for Portland Angels : RHP Hector Carrizales
Batting: RHB Justin Curran 0-0: Ball
1-0: Foul Ball, location: 2F
1-1: Fly out, F9 (Flyball, 9D, EV 91.3 MPH)
Batting: SHB Shane Marcum 0-0: Ball
1-0: Foul Ball, location: 2F
1-1: Swinging Strike
1-2: Ball
2-2: Ground out 5-3 (Groundball, 56S, EV 75.6 MPH)
Batting: RHB Will Barksdale 0-0: SINGLE (Groundball, 6D, EV 105.0 MPH)
Batting: RHB Theo Schepers 0-0: Called Strike
0-1: Reached on error, E8 (Flyball, 89D, EV 101.3 MPH)
Will Barksdale to third
Batting: LHB Steve Pond 0-0: Ball
1-0: Foul Ball, location: 2F
1-1: Ball
2-1: Swinging Strike
2-2: Foul Ball, location: 2F
2-2: Ball
3-2: Foul Ball, location: 2F
3-2: Ground out 5-3 (Groundball, 5, EV 93.8 MPH)
Bottom of the 5th over - 0 runs, 1 hit, 1 error, 2 left on base; Portland 3 - Tijuana 2
TOP OF THE 6TH
Portland Angels batting - Pitching for Tijuana Toros : RHP Andrew Telles
Pitching: RHP Alfredo Sanchez
Batting: LHB Spencer Palmer 0-0: Foul Ball, location: 2F
0-1: SINGLE (Groundball, 34D, EV 106.3 MPH)
Batting: LHB Griffin Ferris 0-0: Ball
1-0: Called Strike
1-1: Ball
2-1: Ball
3-1: Base on Balls
Spencer Palmer to second
Batting: RHB Dean LeCroy 0-0: Fly out, F3 (Popup, 3L, EV 65.6 MPH)
Batting: LHB Mark Reeg 0-0: Called Strike
0-1: Swinging Strike
0-2: Fielders Choice at 2nd, 3-6 (Groundball, 3S, EV 83.8 MPH)
Spencer Palmer to third
Batting: SHB Danny Gelinas 0-0: Ball
1-0: Fielders Choice at 2nd, 5-4 (Groundball, 5, EV 90.0 MPH)
Top of the 6th over - 0 runs, 1 hit, 0 errors, 2 left on base; Portland 3 - Tijuana 2
BOTTOM OF THE 6TH
Tijuana Toros batting - Pitching for Portland Angels : RHP Hector Carrizales
Batting: LHB Nate Kee 0-0: Ball
1-0: Swinging Strike
1-1: Swinging Strike
1-2: Ball
2-2: Foul Ball, location: 2F
2-2: Foul Ball, location: 2F
2-2: Strikes out swinging
Batting: RHB Joe Bower 0-0: Ball
1-0: Foul Ball, location: 2F
1-1: Ball
2-1: Ball
3-1: Base on Balls
Batting: RHB Pat Adams 0-0: SINGLE (Groundball, P, EV 88.1 MPH) (infield hit)
Joe Bower to second
Batting: RHB David Watkins 0-0: Ball
1-0: Ball
2-0: Ball
3-0: Called Strike
3-1: Grounds into double play, 5-4-3 (Groundball, 5, EV 104.4 MPH)
Bottom of the 6th over - 0 runs, 1 hit, 0 errors, 1 left on base; Portland 3 - Tijuana 2
TOP OF THE 7TH
Portland Angels batting - Pitching for Tijuana Toros : RHP Alfredo Sanchez
Pitching: RHP Jordan Amaker
Batting: RHB Dan Burkhart 0-0: Called Strike
0-1: SINGLE (Line Drive, 4MD, EV 103.8 MPH)
Batting: LHB Dave Hicks 0-0: Swinging Strike
0-1: Called Strike
0-2: Ball
1-2: Strikes out swinging
Batting: LHB Mario Anguiano 0-0: Ball
1-0: Fly out, F7 (Flyball, 7LM, EV 98.8 MPH)
Batting: RHB Juan Rosa 0-0: Ball
1-0: Ball
2-0: Swinging Strike
2-1: Ball
3-1: Base on Balls
Dan Burkhart to second
Batting: LHB Spencer Palmer 0-0: Swinging Strike
0-1: Swinging Strike
0-2: SINGLE (Flyball, 56D, EV 91.9 MPH)
Dan Burkhart to third
Juan Rosa to second
Runner from 3rd tries for Home, throw by LF and OUT! 7-2
Top of the 7th over - 0 runs, 2 hits, 0 errors, 2 left on base; Portland 3 - Tijuana 2
BOTTOM OF THE 7TH
Tijuana Toros batting - Pitching for Portland Angels : RHP Hector Carrizales
Batting: RHB Justin Curran 0-0: Ball
1-0: Ball
2-0: Ball
3-0: Base on Balls
Batting: SHB Shane Marcum 0-0: Ball
1-0: Sac Bunt to 25 - play at first, batter OUT! 5-4
Justin Curran to second
Batting: LHB Mesfin Azagba 0-0: Swinging Strike
0-1: Swinging Strike
0-2: Foul Ball, location: 2F
0-2: Ball
1-2: Foul Ball, location: 2F
1-2: Ball
2-2: Ball
3-2: Base on Balls
Batting: RHB Theo Schepers 0-0: Ball
1-0: Ball
2-0: Called Strike
2-1: Ball
Wild Pitch!
Justin Curran to third
Mesfin Azagba to second
3-1: Foul Ball, location: 2F
3-2: Foul Ball, location: 2F
3-2: SINGLE (Groundball, 4MD, EV 95.6 MPH)
Justin Curran scores
Mesfin Azagba to third
Pitching: RHP Eli Mercedes
Batting: LHB Steve Pond 0-0: Called Strike
0-1: Swinging Strike
0-2: Ball
1-2: Strikes out looking
Batting: LHB Nate Kee 0-0: Called Strike
0-1: Ball
1-1: Called Strike
1-2: Ball
2-2: Ball
3-2: Foul Ball, location: 2F
3-2: Foul Ball, location: 2F
3-2: Fly out, F8 (Flyball, 78M, EV 79.4 MPH)
Bottom of the 7th over - 1 run, 1 hit, 0 errors, 2 left on base; Portland 3 - Tijuana 3
TOP OF THE 8TH
Portland Angels batting - Pitching for Tijuana Toros : RHP Jordan Amaker
Pitching: RHP Jeff Lewis
Batting: LHB Griffin Ferris 0-0: Called Strike
0-1: Swinging Strike
0-2: Strikes out swinging
Pinch Hitting: LHB Edgar van der Meeren 0-0: Swinging Strike
0-1: Ball
1-1: Ball
2-1: Swinging Strike
2-2: Foul Ball, location: 2F
2-2: Ball
3-2: Strikes out swinging
Batting: LHB Mark Reeg 0-0: SINGLE (Groundball, 4MS, EV 80.0 MPH) (infield hit)
Batting: SHB Danny Gelinas 0-0: Ball
1-0: Called Strike
1-1: Hit by Pitch
Mark Reeg to second
Pinch Hitting: LHB Jamie Diebel 0-0: Ball
1-0: Ball
2-0: Swinging Strike
2-1: SINGLE (Groundball, 34D, EV 96.3 MPH)
Mark Reeg to third
Danny Gelinas to second
Runner from 3rd tries for Home, SAFE, throw by RF to home
Batting: LHB Dave Hicks 0-0: Fly out, F9 (Flyball, 89D, EV 102.5 MPH)
Top of the 8th over - 1 run, 2 hits, 0 errors, 2 left on base; Portland 4 - Tijuana 3
BOTTOM OF THE 8TH
Tijuana Toros batting - Pitching for Portland Angels : RHP Eli Mercedes
Pitching: RHP Manuel Vega
Now at SS: Jon Shonka
Now in LF: Trevor Kingston
Now in CF: Areda Obote
Batting: RHB Joe Bower 0-0: Fly out, F9 (Flyball, 89M, EV 90.6 MPH)
Batting: RHB Pat Adams 0-0: Ground out 6-3 (Groundball, 6, EV 92.5 MPH)
Batting: RHB David Watkins 0-0: Ball
1-0: Swinging Strike
1-1: Ball
2-1: Fly out, F9 (Flyball, 9, EV 86.3 MPH)
Bottom of the 8th over - 0 runs, 0 hits, 0 errors, 0 left on base; Portland 4 - Tijuana 3
TOP OF THE 9TH
Portland Angels batting - Pitching for Tijuana Toros : RHP Jeff Lewis
Pitching: RHP Gary Salazar
Batting: LHB Mario Anguiano 0-0: Called Strike
0-1: Foul Ball, location: 2F
0-2: Ball
1-2: Ball
2-2: Foul Ball, location: 2F
2-2: Strikes out swinging
Batting: RHB Juan Rosa 0-0: Called Strike
0-1: SOLO HOME RUN (Flyball, 7D, EV 98.8 MPH), Distance : 378 ft
Batting: LHB Spencer Palmer 0-0: Ball
1-0: Swinging Strike
1-1: Foul Ball, location: 2F
1-2: Ball
2-2: Ball
3-2: Strikes out swinging
Batting: LHB Griffin Ferris 0-0: Ball
1-0: SINGLE (Line Drive, 9S, EV 96.3 MPH)
Batting: RHB Jon Shonka 0-0: Ball
1-0: Ball
2-0: Foul Ball, location: 2F
2-1: Foul Ball, location: 2F
2-2: SINGLE (Flyball, 78S, EV 90.6 MPH)
Griffin Ferris to second
Batting: RHB Trevor Kingston 0-0: Called Strike
0-1: Ball
1-1: Ball
2-1: Fly out, F9 (Flyball, 89M, EV 86.3 MPH)
Top of the 9th over - 1 run, 3 hits, 0 errors, 2 left on base; Portland 5 - Tijuana 3
BOTTOM OF THE 9TH
Tijuana Toros batting - Pitching for Portland Angels : RHP Manuel Vega
Batting: RHB Justin Curran 0-0: Fly out, F8 (Line Drive, 8LD, EV 111.3 MPH)
Batting: SHB Shane Marcum 0-0: Ball
1-0: SOLO HOME RUN (Flyball, 9D, EV 101.9 MPH), Distance : 374 ft
Batting: LHB Mesfin Azagba 0-0: Ground out 4-3 (Groundball, 4M, EV 103.8 MPH)
Batting: RHB Theo Schepers 0-0: SINGLE (Groundball, 56D, EV 106.9 MPH) (infield hit)
Batting: LHB Steve Pond 0-0: Ball
1-0: Ball
2-0: Called Strike
2-1: Ball
3-1: SINGLE (Line Drive, 8RS, EV 91.9 MPH)
Theo Schepers to second
Runner from 2nd tries for 3rd, SAFE, throw by CF made to third
Batting: LHB Nate Kee 0-0: Ball
1-0: Swinging Strike
1-1: Called Strike
1-2: Ball
2-2: Strikes out swinging
Bottom of the 9th over - 1 run, 3 hits, 0 errors, 2 left on base; Portland 5 - Tijuana 4
Thursday, March 31st , 2022 - OOTP Baseball 22.12 Build 89